Map: Terraform LE (Void)

Players

LoneStar

  • Race: Zerg Zerg

wabbajack - Winner!

  • Race: Zerg Zerg
  • League: Grandmaster

VOD

Have the link to the VOD?

Description

Time

  • Played on: July 15, 2015, 1:43 p.m.
  • Length: 5:31
Show
View Real Time Build Order
Export as new Build Order

LoneStar Zerg 

Build Orders: Hatch First 

Get SALT Encoding   

  12  0:01  Drone  
  13  0:09  Drone  
  14  0:17  Overlord  
  14  0:35  Drone  
  14  0:36  Drone x2  
  17  0:54  Hatchery  
  17  0:55  Drone  
  17  0:59  Drone  
  18  1:15  Spawning Pool  
  18  1:17  Drone  
  18  1:22  Extractor  
  18  1:25  Drone  
  18  1:49  Overlord  
  18  1:50  Drone  
  19  2:04  Queen  
  19  2:05  Queen  
  19  2:07  Zergling x6  
  26  2:13  Drone  
  27  2:16  Drone  
  28  2:23  Drone  
  28  2:24  Metabolic Boost  
  29  2:35  Drone  
  30  2:38  Drone  
  30  2:41  Queen  
  33  2:46  Overlord  
  31  3:13  Zergling x2  
  31  3:14  Zergling x2  
  31  3:16  Overlord  
  31  3:17  Drone x4  
  31  3:18  Drone x4  
  41  3:27  Lair  
  41  3:31  Extractor  
  40  3:36  Extractor x2  
  38  3:43  Zergling x4  
  38  3:44  Overlord  
  38  3:45  Drone x3  
  43  3:51  Drone x2  
  43  3:52  Drone x2  
  47  4:01  Roach Warren  
  46  4:18  Hatchery  
  44  4:26  Drone x3  
  44  4:29  Roach Warren  
  47  4:41  Roach x6  
  47  4:42  Overlord  
  59  4:49  Evolution Chamber  
  59  4:51  Evolution Chamber, Roach  
  53  5:09  Roach  
  53  5:10  Roach x5  
Show
View Real Time Build Order
Export as new Build Order

wabbajack Zerg - Winner!

Build Orders: Hatch First 

Get SALT Encoding   

  12  0:01  Drone  
  13  0:14  Overlord  
  13  0:18  Drone  
  14  0:24  Extractor  
  14  0:25  Drone  
  15  0:34  Drone  
  16  0:37  Drone  
  17  0:55  Hatchery  
  16  0:59  Extractor  
  16  1:00  Drone  
  16  1:03  Drone  
  17  1:09  Drone  
  18  1:22  Spawning Pool  
  17  1:27  Drone  
  17  1:31  Drone  
  19  1:42  Overlord  
  19  1:55  Drone  
  20  2:05  Drone  
  21  2:09  Queen  
  21  2:10  Queen  
  21  2:13  Metabolic Boost  
  25  2:31  Drone x2  
  25  2:35  Drone x2  
  29  2:37  Drone  
  29  2:40  Overlord  
  30  2:44  Queen  
  33  2:51  Zergling x2  
  33  2:56  Roach Warren  
  30  3:18  Overlord  
  30  3:29  Extractor  
  29  3:42  Roach x6  
  29  3:44  Overlord  
  41  3:51  Drone x3  
  41  3:53  Overlord  
  44  4:06  Drone x3  
  44  4:07  Overlord  
  47  4:15  Roach x3  
  53  4:26  Zergling x2  
  53  4:27  Zergling x14  
  61  4:32  Overlord  
  61  4:42  Overlord  
  61  4:45  Zergling x2  
  62  4:46  Zergling x8  
  65  5:14  Zergling x2  
Tags
 
Add a new tag
Caveats
  • Supply blocks, unpowered buildings, or Contaminate may cause inaccurate times.
  • Supply counts are checked every 10 seconds.